 Dungeon Crawl Stone Soup version 0.29-a0-96-g93358da72b (webtiles) character file.

Game seed: 17119771560957434415

490 drugrobin the Poker (level 6, -1/48 HPs)
             Began as a Demigod Warper on Feb 11, 2022.
             Slain by an orc (11 damage)
             ... on level 5 of the Dungeon.
             The game lasted 00:12:16 (6264 turns).

drugrobin the Poker (Demigod Warper)                Turns: 6264, Time: 00:12:17

Health: -1/48      AC:  7    Str: 20    XL:     6   Next: 59%
Magic:  11/11      EV: 11    Int: 15    God:
Gold:   186        SH:  0    Dex: 13    Spells: 0/8 levels left

rFire   . . .      SeeInvis .   a - +0 spear
rCold   + . .      Faith    .   (no shield)
rNeg    . . .      Spirit   .   y - +0 leather armour
rPois   .          Reflect  .   (no helmet)
rElec   .          Harm     .   x - +0 cloak
rCorr   .          Rampage  .   t - +2 pair of gloves
Will    .....                   (no boots)
Stlth   +.........              (no amulet)
HPRegen 0.16/turn               m - ring of protection from cold
MPRegen 0.12/turn               C - ring of wizardry

@: no status effects
A: high MP 1, forlorn, divine attributes
a: no special abilities


You were on level 5 of the Dungeon.
You visited 1 branch of the dungeon, and saw 5 of its levels.
You also visited: Sewer.

You collected 202 gold pieces.
You spent 16 gold pieces at shops.

Inventory:

Hand Weapons
 a - a +0 spear (weapon)
 b - a +0 hunting sling
 e - a +3 quarterstaff of chaos
Missiles
 d - 5 boomerangs of dispersal
 f - 35 bolts
 i - 67 stones (quivered)
 q - 40 sling bullets
 A - 3 javelins
Armour
 t - a +2 pair of gloves (worn)
 x - a +0 cloak (worn)
 y - a +0 leather armour (worn)
Jewellery
 m - a ring of protection from cold (left hand)
 C - a ring of wizardry (right hand)
Wands
 p - a wand of charming (3)
Scrolls
 h - a scroll of identify {unknown}
 n - a scroll of enchant weapon {unknown}
 s - a scroll of teleportation {unknown}
 v - a scroll of vulnerability {unknown}
 w - a scroll of silence {unknown}
 D - a scroll of amnesia {unknown}
Potions
 c - a potion of haste {unknown}
 g - 2 potions of flight
 j - a potion of experience {unknown}
 k - a potion of heal wounds {unknown}
 l - 2 potions of attraction {unknown}
 o - 2 potions of degeneration {unknown}
 r - a potion of mutation {unknown}
 u - a potion of cancellation {unknown}
 z - a potion of curing
 E - a potion of ambrosia {unknown}
 F - a potion of invisibility {unknown}


   Skills:
 - Level 1.7 Fighting
 + Level 6.9 Polearms
 - Level 0.8 Throwing
 - Level 0.8 Armour
 - Level 1.7 Dodging
 - Level 1.7 Spellcasting
 - Level 2.6 Translocations


You couldn't memorise any spells.
You knew the following spells:

 Your Spells              Type           Power      Damage    Failure   Level
a - Blink                 Tloc           18%        N/A       6%          2
b - Teleport Other        Tloc           9%         N/A       11%         3
c - Gell's Gravitas       Tloc           9%         N/A       11%         3

Your spell library contained the following spells:

 Spells                   Type           Power      Damage    Failure   Level
 Sandblast                Erth           2%         2d4       11%         1
 Lesser Beckoning         Tloc           9%         N/A       11%         3
 Passwall                 Tmut/Erth      0%         N/A       16%         2
 Stone Arrow              Conj/Erth      2%         3d7       32%         3
 Manifold Assault         Tloc           9%         N/A       65%         5


Dungeon Overview and Level Annotations

Branches:
Dungeon (5/15)              Sewer (visited)
 Temple: D:4-7

Shops:
D:1 ((*

Annotations:
D:4 Eustachio
D:5 Grinder


Innate Abilities, Weirdness & Mutations

You have an increased reservoir of magic. (+10% MP)
You shall have no god before yourself.
Your divine heritage dramatically boosts your attributes as you level up.


Message History

The black bear claws you but does no damage.
The black bear claws you.
Unknown command.
You hit the black bear.
The black bear is almost dead.
Unknown command.
You hit the black bear but do no damage.
The black bear is almost dead.
The black bear goes berserk!
Unknown command.
The black bear barely misses you.
The black bear claws you but does no damage.
The black bear claws you.
* * * LOW HITPOINT WARNING * * *
Casting: Blink (safe; 6% risk of failure)
Confirm with . or Enter, or press ? or * to list all spells.
You blink.
Throw: 3 javelins
Press: ? - help, Shift-Dir - straight line, f - black bear
Aim: a black bear (almost dead, berserk, 64% to hit)
You throw a javelin.
The javelin pierces through the black bear!
You kill the black bear!
Unknown command.
Unknown command.
Aiming: Charm
Press: ? - help, Shift-Dir - straight line, f - Grinder
Aim: Grinder (chance to affect: 49%) Grinder is charmed.
You feel stable enough to blink again.
You swap places.
A - 3 javelins (gained 1)
You see here a black bear corpse.
There is a stone staircase leading down here.
You climb downwards.
The orc misses you.
The sky beast flickers out of sight!
Deactivating autopickup; reactivate with Ctrl-A.
Something hits you. Something shocks you.
* * * LOW HITPOINT WARNING * * *
The orc hits you with a +0 morningstar!
You die...

.(.##....#####
#.#)#......)..#
......$....
#.o...# #(..#
##(##
#o###########
#.###..5.o.......
#......{@########
########.# #.#
#.# #.# #.. ###


You could see 2 orcs and the friendly Grinder (charmed).

Vanquished Creatures
  A black bear (D:4)
  A howler monkey (D:3)
  A bullfrog skeleton (D:4)
  Crazy Yiuf (D:2)
  6 jellies
  4 adders
  A river rat (Sewer)
  A worm (D:2)
  4 dart slugs
  An orc (D:5)
  11 endoplasms
  3 giant cockroaches (Sewer)
  5 hobgoblins
  5 quokkas
  12 ball pythons
  3 bats
  4 frilled lizards
  4 goblins
  2 kobolds
  13 rats
83 creatures vanquished.

Notes
Turn   | Place    | Note
-------+----------+-------------------------------------------
     0 | D:1      | drugrobin the Demigod Warper began the quest for the Orb.
     0 | D:1      | Reached XP level 1. HP: 17/17 MP: 5/5
    35 | D:1      | Reached skill level 2 in Polearms
   602 | D:1      | Found Heitsof's Assorted Antiques.
   624 | D:1      | Found Qiklaohoer's Armour Emporium.
   639 | D:1      | Reached XP level 2. HP: 22/24 MP: 7/7
   687 | D:1      | Learned a level 2 spell: Blink
   837 | D:1      | Found Erphoaff's Weapon Boutique.
  1024 | D:1      | Found Ican's Weapon Boutique.
  1402 | D:2      | Reached skill level 3 in Polearms
  1955 | D:2      | Reached XP level 3. HP: 19/29 MP: 8/8
  2090 | D:2      | Found a runed translucent door.
  2091 | D:2      | Noticed Crazy Yiuf
  2514 | D:3      | Found a glowing drain.
  2580 | Sewer    | Entered a sewer
  2793 | Sewer    | Reached skill level 4 in Polearms
  2860 | Sewer    | Reached XP level 4. HP: 23/36 MP: 9/9
  3680 | Sewer    | Reached skill level 5 in Polearms
  3805 | Sewer    | Reached XP level 5. HP: 41/41 MP: 10/10
  3817 | Sewer    | Learned a level 3 spell: Teleport Other
  4454 | D:1      | Bought a +0 hunting sling for 16 gold pieces
  4577 | D:2      | Killed Crazy Yiuf
  4860 | D:3      | Reached skill level 6 in Polearms
  4860 | D:3      | Reached XP level 6. HP: 48/48 MP: 11/11
  4930 | D:3      | Learned a level 3 spell: Gell's Gravitas
  5462 | D:4      | Noticed Eustachio
  6167 | D:5      | Entered Level 5 of the Dungeon
  6220 | D:5      | Noticed Grinder
  6264 | D:5      | Slain by an orc

Illustrated notes

Levels and vault maps discovered:
D:1:      dpeg_arrival_boxorama, layout_rooms, serial_shops, nicolae_shop_trees,
          nicolae_shop_behind_doors, shop, shop,
          shapermc_ecumenical_altar_mp_vishouse
D:2:      layout_loops_ring, nrook_mini_vaults, minivault_4,
          uniq_crazy_yiuf_cottage
D:3:      layout_rooms, mainiacjoe_overflow_tiny_flanked, portal_sewer_entry_d,
          wad_floor_pattern_2
D:4:      layout_basic, chequers_serial_rivers_large_a, minmay_quadrilaterals,
          uniq_eustachio
D:5:      layout_loops_ring, uniq_grinder, uniq_sigmund

Skill      XL: |  1  2  3  4  5 |
---------------+----------------+-----
Polearms       | 2 3 4 5 6 |  6.9
Fighting       | |  1.7
Throwing       | |  0.8
Armour         | |  0.8
Dodging        | |  1.7
Spellcasting   | |  1.7
Translocations | |  2.6

Action                   |  1- 3 |  4- 6 || total
-------------------------+-------+-------++-------
Melee: Spear             |   194 |   139 ||   333
       Punch             |     1 |     2 ||     3
       Quarterstaff      |       |     9 ||     9
 Fire: Hunting sling     |       |    38 ||    38
Throw: Stone             |    17 |     3 ||    20
       Javelin           |       |    20 ||    20
       Dart              |       |     8 ||     8
 Cast: Blink             |       |     6 ||     6
Evoke: Wand              |       |     2 ||     2
  Use: Potion            |     3 |       ||     3
       Scroll            |       |     1 ||     1
 Stab: Sleeping          |     1 |       ||     1
Armor: Leather armour    |    40 |    67 ||   107
       Skin              |     5 |    13 ||    18
Dodge: Dodged            |    94 |   109 ||   203

Table legend: (Time is in decaauts)
 A = Elapsed time spent in this place.
 B = Non-inter-level travel time spent in this place.
 C = Inter-level travel time spent in this place.
 D = Time resting spent in this place.
 E = Time spent auto-exploring this place.
 F = Levels seen in this place.
 G = Mean time per level.
                   A        B        C        D        E       F      G
               +--------+--------+--------+--------+--------+-----+--------+
         Total |   6303 |   6006 |    297 |   1863 |   2941 |   6 | 1050.5 |
       Dungeon |   4632 |   4335 |    297 |    975 |   2501 |   5 |  926.4 |
         Sewer |   1670 |   1670 |      0 |    888 |    440 |   1 | 1670.0 |
               +--------+--------+--------+--------+--------+-----+--------+

Top non-repeatable levels by time:
   Sewer: 1670 daAuts
     D:2: 1585 daAuts
     D:1: 1214 daAuts
     D:3: 987 daAuts
     D:4: 818 daAuts
     D:5: 26 daAuts
